 Dungeon Crawl Stone Soup version 0.26-b1-45-g23770d1d51 (webtiles) character file.

Game seed: 5372636286142219201

216 CHIMtastic the Chopper (level 5, 0/46 HPs)
             Began as a Draconian Berserker on Jan 6, 2021.
             Was a Believer of Trog.
             Succumbed to a worker ant's poison
             ... on level 4 of the Dungeon.
             The game lasted 00:12:39 (2134 turns).

CHIMtastic the Chopper (Draconian Berserker)        Turns: 2134, Time: 00:12:40

Health: 0/46       AC:  5    Str: 21    XL:     5   Next: 61%
Magic:  5/5        EV: 10    Int:  7    God:    Trog [**....]
Gold:   72         SH:  8    Dex: 10    Spells: 4/4 levels left

rFire    . . .     SeeInvis .   a - +0 hand axe
rCold    . . .     Faith    .   b - +0 kite shield
rNeg     . . .     Spirit   .   (armour unavailable)
rPois    .         Reflect  .   (helmet restricted)
rElec    .         Harm     .   (no cloak)
rCorr    .         Rampage  .   (no gloves)
Will     .....                  (no boots)
Stlth    +.........             (no amulet)
HPRegen  0.15/turn              (no ring)
MPRegen  0.09/turn              (no ring)

@: lethally poisoned (0 -> -11)
A: unfitting armour, cold-blooded, AC +5
a: Renounce Religion, Berserk, Trog's Hand


You were on level 4 of the Dungeon.
You worshipped Trog.
Trog was pleased with you.
You visited 1 branch of the dungeon, and saw 4 of its levels.

You collected 72 gold pieces.

Inventory:

Hand Weapons
 a - a +0 hand axe (weapon)
 c - a +0 dagger
 d - a +0 club
 k - a +0 whip
 t - a +0 dagger
 u - a cursed +0 hand axe
 y - a +0 short sword
Missiles
 e - 44 stones
 o - 30 arrows
Armour
 b - a +0 kite shield (worn)
 f - a +0 robe
 g - a +0 buckler
 n - a +0 chain mail
 p - a +0 plate armour
Jewellery
 w - an uncursed amulet of faith {unknown}
Scrolls
 i - 5 scrolls of identify {unknown}
 l - 4 scrolls of blinking {unknown}
 m - a scroll of amnesia {unknown}
 x - a scroll of remove curse {unknown}
 z - a scroll of noise {unknown}
Potions
 h - 2 potions of mutation {unknown}
 j - 2 potions of haste {unknown}
 q - a potion of lignification {unknown}
 r - a potion of heal wounds {unknown}
 s - a potion of ambrosia {unknown}
 v - 2 potions of curing {unknown}


   Skills:
 + Level 4.1 Fighting
 + Level 4.6 Axes
 + Level 3.2 Dodging
 + Level 1.2 Stealth
 + Level 2.2 Shields


You had 4 spell levels left.
You didn't know any spells.
Your spell library was empty.

Dungeon Overview and Level Annotations

Branches:
Dungeon (4/15)
 Temple: D:4-7

Altars:
Makhleb
Qazlal
The Shining One


Innate Abilities, Weirdness & Mutations

Your plain brown scales are hard. (AC +5)
You cannot fit into any form of body armour.
You are cold-blooded and may be slowed by cold attacks.


Message History

The worker ant is almost dead.
You feel sick. The worker ant bites you. You block the worker ant's attack.
You closely miss the worker ant.
The worker ant is almost dead.
* * * LOW HITPOINT WARNING * * *
You feel sick. The worker ant bites you!
* * * LOW HITPOINT WARNING * * *
You hit the worker ant but do no damage.
The worker ant is almost dead.
* * * LOW HITPOINT WARNING * * *
You feel sick.
The worker ant bites you but does no damage. x2
You hit the worker ant.
You kill the worker ant!
Trog accepts your kill.
* * * LOW HITPOINT WARNING * * *
You feel sick.
You hit the leopard gecko.
The leopard gecko is moderately wounded.
You die...

#.# #.#
..####### #.#
#.....l@# #.#
..#####.# #.#
#.# #.# #.#
#.###.########.#
#..............#
#####.########.#
#.##### #.#
#.....# #.#
#####.####.###


You could see a leopard gecko.

Vanquished Creatures
  A bullfrog (D:3)
  A hound (D:3)
  An iguana (D:4)
  A worker ant (D:4)
  Robin (D:2)
  An adder (D:2)
  An ooze (D:1)
  2 dart slugs (D:1)
  2 leopard geckos
  An orc (D:3)
  3 giant cockroaches
  11 goblins
  5 hobgoblins (D:2)
  3 jackals (D:2)
  A quokka (D:2)
  A ball python (D:2)
  4 bats
  A frilled lizard (D:1)
  2 kobolds
  4 rats
47 creatures vanquished.

Notes
Turn   | Place    | Note
-------+----------+-------------------------------------------
     0 | D:1      | CHIMtastic the Draconian Berserker began the quest for the
                  | Orb.
     0 | D:1      | Reached XP level 1. HP: 19/19 MP: 1/1
   215 | D:1      | Reached XP level 2. HP: 8/26 MP: 2/2
  1002 | D:2      | Reached XP level 3. HP: 26/31 MP: 3/3
  1064 | D:2      | Reached skill level 1 in Shields
  1134 | D:2      | Reached ** piety under Trog
  1201 | D:2      | Found a burning altar of Makhleb.
  1201 | D:2      | Found a glowing golden altar of the Shining One.
  1242 | D:2      | Noticed Robin
  1254 | D:2      | Killed Robin
  1268 | D:2      | Reached XP level 4. HP: 24/40 MP: 4/4
  1285 | D:2      | Noticed an air elemental
  1287 | D:2      | Found a stormy altar of Qazlal.
  1290 | D:2      | Noticed an earth elemental
  1293 | D:2      | Noticed a water elemental
  1293 | D:2      | Noticed a fire elemental
  1455 | D:3      | Noticed a bullfrog
  1466 | D:3      | Killed a bullfrog
  1467 | D:3      | Reached skill level 1 in Stealth
  1819 | D:3      | Reached XP level 5. HP: 46/46 MP: 5/5
  2133 | D:4      | HP: 1/46 [poisoned by a worker ant]
  2134 | D:4      | Succumbed to a worker ant's poison

Illustrated notes

Levels and vault maps discovered:
D:1:      sevenhm_arrival_forest_fort_small_6, layout_loops_corners,
          chequers_serial_rivers_small_b, minmay_misc_feat_plants,
          minmay_3d_cube
D:2:      layout_loops_ring, nicolae_qazlal_style_of_elements,
          gammafunk_temple_overflow_pools, uniq_robin
D:3:      layout_basic, chequers_serial_rivers_large_a, grunt_ministairs_13
D:4:      layout_loops_ring, lightli_ossuary_entry_decrepit_ruins,
          nicolae_gozag_cash_rules_everything_around_me

Skill      XL: |  1  2  3  4  5 |
---------------+----------------+-----
Shields        | 1 2 |  2.2
Dodging        | 3 |  3.2
Axes           | 4 |  4.6
Stealth        | 1 |  1.2
Fighting       | 4 |  4.1

Action                   |  1- 3 |  4- 6 || total
-------------------------+-------+-------++-------
Melee: Hand axe          |   108 |    50 ||   158
       Tailslap          |    10 |     6 ||    16
 Stab: Sleeping          |     1 |       ||     1
Armor: Skin              |    28 |     9 ||    37
Dodge: Dodged            |    47 |    16 ||    63
Block: Kite shield       |    53 |    22 ||    75
